Unix NetHack Version 5.0.0-0 post-release - last build May 17 2026 04:57:42 (dc50c8380fa5e20985bfe3072449f57b8d9895ef,branch:main).

Game began 2026-05-20 01:13:20, ended 2026-05-20 02:51:00.

Corncycle, chaotic male human Rogue

                           -------         ---
                           |.--))|         |..--
                           |.).%.-- --.|.---...|                 -----
                        --- -...*%.--.........------             |....
                       --^-- -.....................----       ----..--
                       |...-##-#..........---#----....---   --.).)..--
                       --.......%........--   |..|---...--  |.........|
                  ---    -.----..........#-#---..|  -#-..|  |-........|
                 -..|    #.|  ---...-#...|..|...--    --`#---... .....|
    ---         |...|    |.|    --.--  -........|      |..|....  -...-
   --.| ----   --...|    |.|     ---   ##......-|      --.Z..0   |...--
 --...--|..-   |....-   --.|            ........|      --.Z@..    -....-
 |.....--...|  |.....#---..|           |.-.....-#      |...|e.|   -.....|
 -----......|  |.......|..-            |%......#-      |...--<| --......|
     |...0%.|---.#-))..%).|            |%|......--      -...|.---......--
      ---..[-#...|--------           ---[|-.......|      ---........ ...
        |.......-                  |.....|...---..|----      ---.-
       --...--.                   --..---....| |..--..--
       |..-                      |....| --.---  -......|
       |.-                       |..--   ---     ..|..--
                                 ----            ------
Corncycle the Rogue     St:15 Dx:18 Co:16 In:13 Wi:10 Ch:8  Chaotic
Dlvl:5  $:17 HP:0(54) Pw:22(22) AC:-1 Xp:7 T:5661  Burdened

Latest messages:
 You throw 3 daggers.
 The 1st dagger hits the rothe.
 Your movements are now unencumbered.
 The 2nd dagger hits the rothe.
 You kill the rothe!
 The 3rd dagger hits it.
 In what direction?
 You throw 2 daggers.
 The 1st dagger hits it.
 The 2nd dagger hits it!
 In what direction?
 The dagger hits it.
 The dwarf picks up 4 +0 daggers.
 You kill the dwarf!
 b - 4 +0 daggers (at the ready) (5 in total).
 There are several more objects here.
 J - a pair of fencing gloves.
 You have a little trouble lifting 4 +0 daggers.  Continue? [ynq] (q)
 You have a little trouble lifting b - 4 +0 daggers (at the ready) (9 in total).
 You see here a rothe corpse.
 Your movements are slowed slightly because of your load.
 You see here a kobold lord corpse.
 #
 Showing known terrain only...
 (For instructions type a '?')
 Done.
 Something is written here in the dust.
 You read: "? |c e h".
 You hit the floating eye.
 You are frozen by the floating eye's gaze!
 The elf zombie hits!
 The elf zombie hits!
 The elf zombie hits!
 The elf zombie hits!
 The elf zombie hits!
 The elf zombie hits!
 The elf zombie hits!
 The elf zombie hits!
 The elf zombie hits!
 The elf zombie hits!
 The elf zombie hits!
 The elf zombie hits!
 The elf zombie hits!
 The elf zombie hits!
 You die...
 Do you want your possessions identified? [ynq] (y)
 Do you want to see your attributes? [ynq] (y)
 Do you want an account of creatures vanquished? [ynaq] (y)
 Do you want to see your conduct and achievements? [ynq] (y)
 Do you want to see the dungeon overview? [ynq] (y)

Inventory:
 Coins    ('$')
  $ - 17 gold pieces
 Weapons  (')')
  b - 9 +0 daggers (at the ready)
  f - a +0 elven dagger
  a - a +0 dwarvish short sword (weapon in right hand)
 Armor    ('[')
  H - an uncursed +0 dwarvish iron helm (being worn)
  J - an uncursed +0 pair of leather gloves
  K - an uncursed +0 pair of elven boots
  M - an uncursed +0 pair of iron shoes (being worn)
  P - an uncursed +0 pair of jumping boots
  d - an uncursed +0 cloak of displacement (being worn)
  r - an uncursed +0 dwarvish mithril-coat (being worn)
 Comestibles  ('%')
  A - an uncursed food ration
 Potions  ('!')
  E - a cursed potion of oil
 Rings    ('=')
  G - an uncursed ring of regeneration
  z - an uncursed ring of shock resistance
 Wands    ('/')
  O - a wand of cancellation (0:4)
 Tools    ('(')
  Y - an uncursed sack containing 25 items
  C - a bag of tricks (0:14)
  o - a bag of tricks (0:11)
  e - an uncursed lock pick
  I - an uncursed skeleton key
  w - an uncursed towel

Contents of the sack:
  977 gold pieces
  a blessed scroll of blank paper
  an uncursed scroll of confuse monster
  2 uncursed scrolls of destroy armor
  an uncursed scroll of enchant armor
  2 uncursed scrolls of enchant weapon
  an uncursed scroll of fire
  an uncursed scroll of food detection
  an uncursed scroll of gold detection
  2 uncursed scrolls of identify
  2 cursed scrolls of identify
  an uncursed scroll of light
  2 uncursed scrolls of remove curse
  an uncursed scroll of scare monster
  an uncursed scroll of taming
  an uncursed potion of blindness
  an uncursed potion of confusion
  an uncursed potion of gain energy
  an uncursed potion of gain level
  an uncursed potion of levitation
  an uncursed potion of monster detection
  an uncursed potion of see invisible
  a cursed potion of see invisible
  2 uncursed potions of sickness
  an uncursed potion of speed

Corncycle the Rogue's attributes:

Background:
 You were a Rogue, level 7 male human.
 You were chaotic, on a mission for Kos
 who was opposed by Issek (lawful) and Mog (neutral).
 You were right-handed.
 You were in the Gnomish Mines, on level 5.
 You entered the dungeon 5661 turns ago.
 It was nighttime.
 You had 786 experience points, 494 more were needed to attain level 8.

Basics:
 You had 0 out of 54 hit points.
 You had all 22 energy points (spell power).
 Your armor class was -1.
 Your wallet contained 17 zorkmids, and
 you had 977 more stashed away in your pack.
 Autopickup was on for '.' plus thrown.

Final Characteristics:
 Your strength was 15 (limit:18/100).
 Your dexterity was 18 (limit:18).
 Your constitution was 16 (limit:18).
 Your intelligence was 13 (limit:18).
 Your wisdom was 10 (limit:18).
 Your charisma was 8 (limit:18).

Final Status:
 You weren't hungry.
 You were burdened; movement was slightly slowed.
 You were wielding a short sword.
 You had basic skill with short sword and could have enhanced that.

Final Attributes:
 You were piously aligned.
 You were poison resistant.
 You were displaced.
 You were stealthy.
 You were guarded.
 You are dead.

Miscellaneous:
 You didn't encounter any bones levels.
 Total elapsed playing time was 1 hour, 18 minutes and 31 seconds.

Major events:
 Turn
    1: Corncycle the chaotic male human Rogue entered the dungeon
  570: entered the Gnomish Mines
 2048: attained the rank of Cutpurse (level 3)
 4180: attained the rank of Rogue (level 6)
 5661: killed by an elf zombie, while frozen by a floating eye's gaze

You didn't know any spells.

Skills:
 Fighting Skills
   bare handed combat [Unskilled]
   two weapon combat  [Unskilled]
   riding             [Unskilled]
 Weapon Skills
   dagger             [Skilled]
   knife              [Unskilled]
   short sword        [Basic]
   broadsword         [Unskilled]
   long sword         [Unskilled]
   two-handed sword   [Unskilled]
   saber              [Unskilled]
   club               [Unskilled]
   mace               [Unskilled]
   morning star       [Unskilled]
   flail              [Unskilled]
   hammer             [Unskilled]
   polearms           [Unskilled]
   spear              [Unskilled]
   crossbow           [Unskilled]
   dart               [Unskilled]
   shuriken           [Unskilled]
 Spellcasting Skills
   divination spells  [Unskilled]
   escape spells      [Unskilled]
   matter spells      [Unskilled]

Voluntary challenges:
 Character rerolling was not enabled.
 You never genocided any monsters.
 You never polymorphed an object.
 You never changed form.
 You used no wishes.
Achievements:
 You entered the Gnomish Mines.
 You entered a shop.
 You attained the rank of Cutpurse.
 You attained the rank of Rogue.

 The Dungeons of Doom: levels 1 to 9
    Level 1:
       An altar to Kos.
    Level 2:
       Some altars, a fountain.
       Stairs down to The Gnomish Mines.
    Level 3:
       Some fountains.
    Level 4:
    Level 5:
    Level 6:
       Some fountains.
    Level 7:
       Some shops, a fountain.
    Level 8:
       An altar to Kos, some fountains.
    Level 9:
 The Gnomish Mines: levels 3 to 5
    Level 3:
    Level 4:
    Level 5: <- You were here.
       Final resting place for
          you, killed by an elf zombie, while frozen by a floating eye's gaze.


Vanquished creatures:
  6 leprechauns
  a brown pudding
  3 rock piercers
  a fog cloud
  a violet fungus
  5 gnome leaders
  a gnomish wizard
  a gray ooze
 an elf zombie
  a straw golem
  a giant ant
  a floating eye
  a kitten
  8 dwarves
  a homunculus
  a kobold leader
  5 hill orcs
  4 rothes
  a giant bat
  2 iguanas
  2 acid blobs
  a coyote
  a hobbit
  a hobgoblin
  a yellow mold
  a red mold
 27 gnomes
  5 garter snakes
  8 geckos
  5 jackals
  a kobold
  a goblin
  2 sewer rats
  a grid bug
  4 lichens
  2 kobold zombies
  9 newts
118 creatures vanquished.

No species were genocided or became extinct.

Game over:
                       ----------
                      /          \
                     /    REST    \
                    /      IN      \
                   /     PEACE      \
                  /                  \
                  |    Corncycle     |
                  |      994 Au      |
                  | killed by an elf |
                  |      zombie      |
                  |                  |
                  |                  |
                  |       2026       |
                 *|     *  *  *      | *
        _________)/\\_//(\/(/\)/\//\/|_)_______

Goodbye Corncycle the Rogue...

You died in The Gnomish Mines on dungeon level 5 with 4449 points,
and 994 pieces of gold, after 5661 moves.
You were level 7 with a maximum of 54 hit points when you died.

